 Dungeon Crawl Stone Soup version 0.30-a0-715-gdb4ae3ece1 (webtiles) character file.

Game seed: 6918253650462172777

66 Fenrisus the Covered (level 3, 0/33 HPs)
             Began as a Minotaur Fighter on Jan 23, 2023.
             Slain by Terence
             ... wielding a +2 short sword of venom
              (5 damage)
             ... on level 3 of the Dungeon.
             The game lasted 00:04:23 (1698 turns).

Fenrisus the Covered (Minotaur Fighter)             Turns: 1698, Time: 00:04:23

Health: 0/33       AC:  6    Str: 22    XL:     3   Next: 96%
Magic:  2/2        EV: 10    Int:  5    God:
Gold:   162        SH:  4    Dex:  9    Spells: 2/2 levels left

rFire   + + +      SeeInvis .    a - +0 long sword
rCold   . . .      Faith    .    c - +0 buckler
rNeg    . . .      Spirit   .    o - +1 ring mail of the Kraken {Contam +Blink rF+++ Will-}
rPois   .          Reflect  .    (helmet restricted)
rElec   .          Harm     .    (no cloak)
rCorr   .          Rampage  .    (no gloves)
Will    .....                    (no boots) Stlth
                                 (no amulet)
HPRegen 0.25/turn                (no ring)
MPRegen 0.08/turn                (no ring)

@: lethally poisoned (0 -> -16)
A: horns 2, retaliatory headbutt
a: Evoke Blink


You were on level 3 of the Dungeon.
You visited 1 branch of the dungeon, and saw 3 of its levels.

You collected 162 gold pieces.

Inventory:

Hand Weapons
 a - a +0 long sword (weapon)
Armour
 b - a +0 scale mail
 c - a +0 buckler (worn)
 o - the +1 ring mail of the Kraken (worn) {Contam +Blink rF+++ Will-}
   (You found it on level 3 of the Dungeon)

   rF:        It renders you almost immune to fire.
   +Blink:    It lets you blink.
   Contam:    It causes magical contamination when unequipped.
   Will:      It decreases your willpower.
Jewellery
 e - a ring of resist corrosion
Scrolls
 f - a scroll of brand weapon {unknown}
 h - a scroll of enchant armour {unknown}
 i - a scroll of fear {unknown}
 j - a scroll of poison {unknown}
 m - a scroll of teleportation {unknown}
 n - a scroll of identify {unknown}
Potions
 d - a potion of invisibility {unknown}
 g - a potion of mutation {unknown}
 k - a potion of heal wounds {unknown}
 l - a potion of degeneration {unknown}


   Skills:
 + Level 4.3 Fighting
 + Level 3.3 Long Blades
 + Level 4.3 Armour
 + Level 4.3 Shields


You had 2 spell levels left.
You didn't know any spells.
Your spell library was empty.

Dungeon Overview and Level Annotations

Branches:
Dungeon (3/15)

Altars:

Annotations:
D:3 Natasha, Terence


Innate Abilities, Weirdness & Mutations

You have a pair of horns on your head.
You reflexively headbutt those who attack you in melee.


Message History

You feel a build-up of mutagenic energy.
You blink.
Found an escape hatch in the floor.
You feel stable enough to blink again.
Found a stone staircase leading down.
Found a coppery potion.
Found a scroll labelled UREBLY HURI.
Terence and Natasha come into view.
Terence is wielding a +2 short sword of venom.
Terence shouts!
Natasha hisses angrily.
You barely miss Terence. You headbutt Terence.
Terence is moderately wounded.
Terence misses you. Terence completely misses you.
You hit Terence but do no damage.
Terence is moderately wounded.
Natasha claws you but does no damage.
Terence hits you with a +2 short sword of venom.
You hit Natasha.
Natasha is moderately wounded.
Natasha howls an incantation.
Natasha glows brightly for a moment.
Natasha claws you.
Terence hits you with a +2 short sword of venom.
You are poisoned.
You fail to use your ability.
You feel very sick. Natasha claws you. Terence barely misses you.
You furiously retaliate!
You headbutt Terence! You hit Terence but do no damage.
Terence is severely wounded.
* * * LOW HITPOINT WARNING * * *
You feel very sick. Natasha claws you.
* * * LOW HITPOINT WARNING * * *
Terence hits you with a +2 short sword of venom.
* * * LOW HITPOINT WARNING * * *
You are more poisoned.
Natasha closely misses you.
Terence hits you with a +2 short sword of venom.
You die...

#. #. #####.##
#......# #......#
##......#######
......@h......#
###@!...... #####
#...###.#.# #...#
####.###
#...####....####
#.................#
#...##...######?...
##.#...#### .#
#.#......# .#
###.#.....^###.#
#.#


You could see Terence and Natasha.

Vanquished Creatures
  Ijyb (D:3)
  2 adders (D:2)
  A dart slug (D:1)
  A ball python (D:1)
  3 bats
  2 endoplasms
  2 goblins
  A hobgoblin (D:2)
  3 quokkas
  A frilled lizard (D:2)
  4 kobolds
  4 rats
25 creatures vanquished.

Notes
Turn   | Place    | Note
-------+----------+-------------------------------------------
     0 | D:1      | Fenrisus the Minotaur Fighter began the quest for the Orb.
     0 | D:1      | Reached XP level 1. HP: 19/19 MP: 0/0
   226 | D:1      | Reached XP level 2. HP: 27/27 MP: 1/1
   913 | D:2      | Reached XP level 3. HP: 25/33 MP: 2/2
  1548 | D:3      | Noticed Ijyb
  1548 | D:3      | Paralysed by Ijyb for 4 turns
  1565 | D:3      | Killed Ijyb
  1643 | D:3      | Identified the +1 ring mail of the Kraken {Contam +Blink
                  | rF+++ Will-}
  1693 | D:3      | Noticed Terence
  1693 | D:3      | Noticed Natasha
  1698 | D:3      | Slain by Terence

Illustrated notes

Levels and vault maps discovered:
D:1:      dpeg_arrival_simpleton_c, layout_basic, minmay_splitting_lines
D:2:      layout_basic
D:3:      layout_basic, grunt_decor_cap, chequers_serial_rivers_large_a,
          uniq_ijyb, uniq_terence, uniq_natasha

Skill      XL: |  1  2 |
---------------+-------+-----
Fighting       | 4 |  4.3
Armour         | 4 |  4.3
Shields        | 4 |  4.3
Long Blades    | 3 |  3.3

Action                     || total
---------------------------++-------
  Melee: Long sword        ||    61
         Headbutt          ||     9
Ability: Evoke Blink       ||     1
    Use: Potion            ||     1
 Armour: Scale mail        ||    34
         Ring mail         ||     1
  Dodge: Dodged            ||    30
  Block: Buckler           ||    10

Table legend: (Time is in decaauts)
 A = Elapsed time spent in this place.
 B = Non-inter-level travel time spent in this place.
 C = Inter-level travel time spent in this place.
 D = Time resting spent in this place.
 E = Time spent auto-exploring this place.
 F = Levels seen in this place.
 G = Mean time per level.
                   A        B        C        D        E       F      G
               +--------+--------+--------+--------+--------+-----+--------+
         Total |   1715 |   1140 |    575 |     81 |    866 |   3 |  571.7 |
       Dungeon |   1715 |   1140 |    575 |     81 |    866 |   3 |  571.7 |
               +--------+--------+--------+--------+--------+-----+--------+

Top non-repeatable levels by time:
     D:2: 761 daAuts
     D:1: 736 daAuts
     D:3: 217 daAuts
